 Dungeon Crawl Stone Soup version 0.29-a0-559-g359e09b9d1 (webtiles) character file.

Game seed: 14441730189214784825

136 Essalna the Ruffian (level 4, -3/37 HPs)
             Began as a Draconian Transmuter on June 10, 2022.
             Slain by Natasha (7 damage)
             ... on level 2 of the Dungeon.
             The game lasted 00:03:37 (2498 turns).

Essalna the Ruffian (Draconian Transmuter)          Turns: 2498, Time: 00:03:38

Health: -3/37      AC:  5    Str: 13    XL:     4   Next: 98%
Magic:  6/7        EV: 12    Int: 15    God:
Gold:   109        SH:  0    Dex: 11    Spells: 2/7 levels left

rFire   . . .      SeeInvis .     - Unarmed
rCold   + . .      Faith    .   (no shield)
rNeg    . . .      Spirit   .   (body armour unavailable)
rPois   .          Reflect  .   (helmet currently unavailable)
rElec   .          Harm     .   (no cloak)
rCorr   +          Rampage  .   (no gloves)
Will    .....                   (boots currently unavailable)
Stlth   +.........              (no amulet)
HPRegen 0.12/turn               d - ring of resist corrosion
MPRegen 0.10/turn               f - ring of protection from cold

@: appendages (expiring)
A: horns 2, talons 2, AC +5, unfitting armour, cold-blooded
a: End Transformation


You were on level 2 of the Dungeon.
You had temporarily grown beastly horns and talons.
You visited 1 branch of the dungeon, and saw 2 of its levels.

You collected 109 gold pieces.

Inventory:

Jewellery
 d - a ring of resist corrosion (left hand)
 f - a ring of protection from cold (right hand)
Scrolls
 b - 3 scrolls of enchant armour {unknown}
 h - a scroll of magic mapping {unknown}
 l - a scroll of teleportation {unknown}
 n - a scroll of identify {unknown}
Potions
 a - a potion of lignification
 c - a potion of might {unknown}
 e - 2 potions of heal wounds {unknown}
 g - a potion of attraction {unknown}
 i - a potion of resistance
 j - 2 potions of invisibility {unknown}
 k - 2 potions of haste {unknown}
 m - a potion of cancellation {unknown}


   Skills:
 - Level 2.3 Fighting
 - Level 2.4 Dodging
 - Level 3.5 Unarmed Combat
 - Level 2.0 Spellcasting
 + Level 3.3 Transmutations
 + Level 1.5 Ice Magic


You had 2 spell levels left.
You knew the following spells:

 Your Spells              Type           Power      Damage    Failure   Level
a - Beastly Appendage     Tmut           22%        N/A       5%          1
b - Ice Form              Ice/Tmut       8%         N/A       63%         4

Your spell library contained the following spells:

 Spells                   Type           Power      Damage    Failure   Level
 Wereblood                Tmut           11%        N/A       9%          2
 Spider Form              Tmut/Pois      6%         N/A       32%         3


Dungeon Overview and Level Annotations

Branches:
Dungeon (2/15)

Altars:
Qazlal

Annotations:
D:2 Natasha


Innate Abilities, Weirdness & Mutations

You have temporarily grown beastly horns and talons.
Your plain brown scales are hard. (AC +5)
You cannot fit into any form of body armour.
You are cold-blooded and may be slowed by cold attacks.


Message History

You hit the shadow imp.
You claw the shadow imp, but do no damage.
Your tail-slap misses the shadow imp.
The shadow imp is severely wounded.
The shadow imp hits you but does no damage.
The crimson imp hits you but does no damage.
You hit the shadow imp but do no damage.
You claw the shadow imp. You tail-slap the shadow imp.
You kill the shadow imp!
The shadow imp disappears in a puff of smoke!
The crimson imp hits you but does no damage.
The crimson imp closely misses you.
Natasha stares at you and mumbles some strange words.
The magic dart hits you.
The crimson imp attacks as you move away!
The crimson imp hits you.
Your horns disappear.
Your talons disappear.
Natasha barely misses you.
You closely miss Natasha. The crimson imp misses you.
Natasha closely misses you.
You barely miss Natasha.
The crimson imp blinks!
Natasha closely misses you.
You hit Natasha.
Natasha is moderately wounded.
Natasha claws you.
You hit Natasha.
Natasha is heavily wounded.
Natasha claws you.
* * * LOW HITPOINT WARNING * * *
Casting: Beastly Appendage (safe; 5% risk of failure)
Confirm with . or Enter, or press ? or * to list all spells.
You grow a pair of large bovine horns.
Your feet morph into talons.
Your transformation is almost over.
Natasha stares at you and mumbles some strange words.
The magic dart hits you!
* * * LOW HITPOINT WARNING * * *
You barely miss Natasha. Your headbutt misses Natasha.
You tail-slap Natasha, but do no damage.
Natasha is heavily wounded.
Natasha claws you!
You die...

##...#.#.##### #.>.).......†.....
##........#####.........>.......
#.##...........................
#.####.........................
#.........####..........#######
###..#...##.####...<......#
.[.....####..#............#
#...####.......#h.()......#
...###<..#.....5@..)......###
...........#................#
....##..#####...............#
#######.#...#)....##........#####
.#....#.###.......#####..........
##.##.#.# ###.....# #(.........
#.#..#.# #.....#####).........
#.#.##.#####...........#........
#.#....#.........#.....#........


You could see Natasha and a crimson imp (summoned).

Vanquished Creatures
  Natasha (D:2)
  4 gnolls
  4 adders
  A worm (D:2)
  5 ball pythons
  2 endoplasms
  A giant cockroach (D:1)
  3 goblins
  2 hobgoblins
  2 jackals (D:2)
  A quokka (D:2)
  A bat (D:2)
  2 frilled lizards (D:1)
  7 kobolds
  5 rats
41 creatures vanquished.

Notes
Turn   | Place    | Note
-------+----------+-------------------------------------------
     0 | D:1      | Essalna the Draconian Transmuter began the quest for the
                  | Orb.
     0 | D:1      | Reached XP level 1. HP: 16/16 MP: 3/3
   272 | D:1      | Reached XP level 2. HP: 20/23 MP: 3/5
   419 | D:1      | Found a faded altar of an unknown god.
   814 | D:2      | Found a stormy altar of Qazlal.
   890 | D:2      | Reached XP level 3. HP: 23/29 MP: 4/6
  1427 | D:1      | Reached XP level 4. HP: 21/37 MP: 7/7
  1432 | D:1      | Learned a level 4 spell: Ice Form
  1979 | D:2      | Reached skill level 1 in Ice Magic
  2016 | D:2      | Noticed Natasha
  2026 | D:2      | Killed Natasha
  2480 | D:2      | Noticed Natasha
  2498 | D:2      | Slain by Natasha

Illustrated notes

Levels and vault maps discovered:
D:1:      minmay_arrival_five_plusses, layout_basic, basic_ecumenical_altar,
          minmay_misc_feat_iff
D:2:      layout_rooms, basic_altar, patterned_corridor, uniq_natasha

Skill      XL: |  1  2  3  4 |
---------------+-------------+-----
Dodging        | 2 |  2.4
Fighting       | 2 |  2.3
Transmutations | 3 |  3.3
Ice Magic      | 1 |  1.5
Unarmed Combat | |  3.5
Spellcasting   | |  2.0

Action                   |  1- 3 |  4- 6 || total
-------------------------+-------+-------++-------
Melee: Unarmed           |    74 |    35 ||   109
       Kick              |    13 |     8 ||    21
       Headbutt          |    10 |     6 ||    16
       Tailslap          |     3 |     6 ||     9
       Punch             |       |     1 ||     1
 Cast: Beastly Appendage |    26 |    11 ||    37
Armor: Skin              |    22 |     8 ||    30
Dodge: Dodged            |    47 |    20 ||    67

Table legend: (Time is in decaauts)
 A = Elapsed time spent in this place.
 B = Non-inter-level travel time spent in this place.
 C = Inter-level travel time spent in this place.
 D = Time resting spent in this place.
 E = Time spent auto-exploring this place.
 F = Levels seen in this place.
 G = Mean time per level.
                   A        B        C        D        E       F      G
               +--------+--------+--------+--------+--------+-----+--------+
         Total |   2493 |   2220 |    273 |    204 |   1665 |   2 | 1246.5 |
       Dungeon |   2493 |   2220 |    273 |    204 |   1665 |   2 | 1246.5 |
               +--------+--------+--------+--------+--------+-----+--------+

Top non-repeatable levels by time:
     D:1: 1361 daAuts
     D:2: 1132 daAuts
